 Dungeon Crawl Stone Soup version 0.27-a0-1140-g099f9bb0e8 (webtiles) character file.

Game seed: 2103349733806357328

11 DasRunzen the Ducker (level 2, -1/22 HPs)
             Began as a Demonspawn Gladiator on May 10, 2021.
             Slain by a quokka (2 damage)
             ... on level 1 of the Dungeon.
             The game lasted 00:00:26 (468 turns).

DasRunzen the Ducker (Demonspawn Gladiator)          Turns: 468, Time: 00:00:27

Health: -1/22      AC:  4    Str: 14    XL:     2   Next: 13%
Magic:  2/2        EV: 12    Int:  9    God:
Gold:   15         SH:  0    Dex: 14    Spells: 1/1 levels left

rFire    . . .     SeeInvis .   a - +0 long sword
rCold    . . .     Faith    .   (no shield)
rNeg     . . .     Spirit   .   b - +0 leather armour
rPois    .         Reflect  .   c - +0 helmet
rElec    .         Harm     .   (no cloak)
rCorr    .         Rampage  .   (no gloves)
Will     .....                  (no boots)
Stlth    +.........             (no amulet)
HPRegen  0.07/turn              (no ring)
MPRegen  0.08/turn              (no ring)

@: no status effects
A: powered by pain 1
a: no special abilities


You were on level 1 of the Dungeon.
You visited 1 branch of the dungeon, and saw 1 of its levels.

You collected 15 gold pieces.

Inventory:

Hand Weapons
 a - a +0 long sword (weapon)
Missiles
 d - 3 throwing nets (quivered)
Armour
 b - a +0 leather armour (worn)
 c - a +0 helmet (worn)
Potions
 e - a potion of attraction {unknown}


   Skills:
 + Level 2.2 Fighting
 + Level 2.8 Long Blades
 - Level 1.7 Throwing
 + Level 0.6 Armour
 + Level 2.8 Dodging


You had one spell level left.
You didn't know any spells.
Your spell library was empty.

Dungeon Overview and Level Annotations

Branches:
Dungeon (1/15)

Altars:


Innate Abilities, Weirdness & Mutations

You sometimes gain a little power by taking damage.


Message History

A goblin comes into view. It is wielding a +0 dagger.
The goblin shouts!
You hear an angry hiss.
A frilled lizard comes into view.
A quokka comes into view.
You miss the goblin. The goblin hits you with a +0 dagger.
The goblin hits you but does no damage.
You miss the goblin. The quokka barely misses you. The goblin misses you.
Your leather armour prevents you from hitting the goblin.
The quokka bites you. The goblin hits you with a +0 dagger.
You hit the goblin but do no damage. The quokka bites you.
The goblin closely misses you. The quokka closely misses you.
You riposte.
You hit the quokka.
The quokka is almost dead.
You are too injured to fight recklessly!
Unknown command.
You are too injured to fight recklessly!
The quokka twitches its whiskers.
You are too injured to fight recklessly!
You closely miss the goblin. The goblin completely misses you.
You riposte.
Your leather armour prevents you from hitting the goblin.
The goblin hits you with a +0 dagger.
You hit the goblin.
The goblin is severely wounded.
The goblin hits you with a +0 dagger.
* * * LOW HITPOINT WARNING * * *
You hit the goblin.
You kill the goblin!
You barely miss the quokka.
The quokka is almost dead.
The quokka bites you.
* * * LOW HITPOINT WARNING * * *
The quokka bites you but does no damage.
You hit the quokka but do no damage.
The quokka is severely wounded.
The quokka closely misses you.
You riposte.
You completely miss the quokka.
The quokka is severely wounded.
You closely miss the quokka.
The quokka is severely wounded.
The quokka bites you.
You die...

.## .. #.# .# .. ###.###.#
# #.####.......... ...
#.#............. ... ...
............#.# #.# #.##
#. #@#.#.#.# #.###.#.
.#.#..###r#.#.#.###.......
.........l..#.......#...#
.#...............##.#.#.##
#.....#....#.##.##..†....
..............##[(........
.#.....#.##.....(.##......
...............##.##....#.
...............##.........


You could see a quokka and a frilled lizard.

Vanquished Creatures
  2 ball pythons (D:1)
  A giant cockroach (D:1)
  3 goblins (D:1)
  A hobgoblin (D:1)
  A bat (D:1)
  A frilled lizard (D:1)
  A rat (D:1)
10 creatures vanquished.

Notes
Turn   | Place    | Note
-------+----------+-------------------------------------------
     0 | D:1      | DasRunzen the Demonspawn Gladiator began the quest for the
                  | Orb.
     0 | D:1      | Reached XP level 1. HP: 16/16 MP: 1/1
   432 | D:1      | Gained mutation: You sometimes gain a little power by
                  | taking damage. [demonic ancestry]
   432 | D:1      | Reached XP level 2. HP: 22/22 MP: 2/2
   466 | D:1      | HP: 1/22 [quokka (5)]
   468 | D:1      | Slain by a quokka

Illustrated notes

Levels and vault maps discovered:
D:1:      dpeg_arrival_renting, layout_basic, corexii_corridor_pit,
          minmay_tetromino_o4

Action                   || total
-------------------------++-------
Melee: Long sword        ||    32
Armor: Leather armour    ||    10
Dodge: Dodged            ||    21
       Rpst.: Long sword ||    11

Table legend: (Time is in decaauts)
 A = Elapsed time spent in this place.
 B = Non-inter-level travel time spent in this place.
 C = Inter-level travel time spent in this place.
 D = Time resting spent in this place.
 E = Time spent auto-exploring this place.
 F = Levels seen in this place.
 G = Mean time per level.
                   A        B        C        D        E       F      G
               +--------+--------+--------+--------+--------+-----+--------+
         Total |    476 |    476 |      0 |      0 |    404 |   1 |  476.0 |
       Dungeon |    476 |    476 |      0 |      0 |    404 |   1 |  476.0 |
               +--------+--------+--------+--------+--------+-----+--------+

Top non-repeatable levels by time:
     D:1: 476 daAuts
